Eagles vs Senators
Created - December 23, 2023 at 10:28
Goals
|
| Eagles |
0 |
2 |
0 |
2 |
| Senators |
0 |
1 |
3 |
4 |
|
Shots
|
| Eagles |
12 |
12 |
4 |
28 |
| Senators |
16 |
9 |
19 |
44 |
|
1st period
No Goal
Penalties :
No Penalty
2nd period
1. Eagles , Jack Dougherty 3 (Jared McCann 10, Nick Cousins 4) at 1:59
2. Senators , Brendan Perlini 14 (Jacob De La Rose 17) at 5:56
3. Eagles , Matteson Iacopelli 4 (Zach Aston-Reese 12) at 6:51
Penalties :
Joonas Lyytinen (Bel) for High sticking (Minor) at 3:28, Michael Carcone (Col) for Hooking (Minor) at 13:36
3rd period
4. Senators , Jacob De La Rose 8 (Jordan Schmaltz 23) at 3:36
5. Senators , Joonas Lyytinen 2 (Christoph Bertschy 37, Jordan Schmaltz 24) at 18:32 (PP)
6. Senators , Zachary Sanford 29 (Christoph Bertschy 38, Kevin Rooney 11) at 19:05 (Empty Net)
Penalties :
Ryan Murphy (Col) for Hooking (Minor) at 8:23, Jonas Siegenthaler (Bel) for Tripping (Minor) at 15:39, Michael Carcone (Col) for Holding (Minor) at 16:33
Goalie Stats
Adin Hill (Col), 40 saves from 43 shots - (0.930), L, 10-10-3, 59:40 minutes
David Rittich (Bel), 26 saves from 28 shots - (0.929), W, 11-10-2, 60:00 minutes
Players Stats for Eagles
Player Name G A P +/- PIM S H SB GA TA FO MP PP MP PK MP
------------------------------------------------------------------------------------
Chris Calhan 0 0 0 -1 0 0 2 0 1 1 0/0 8:26 0:00 0:00
Connor Carrick 0 0 0 0 0 1 1 5 0 1 0/0 24:10 1:57 2:51
Daniel Carr 0 0 0 -1 0 4 0 0 1 0 0/0 9:43 0:00 1:06
Gabriel Vilardi 0 0 0 0 0 1 0 0 0 1 0/2 16:55 1:23 0:16
Jack Dougherty 1 0 1 0 0 1 1 1 0 1 0/0 24:39 1:57 2:24
Jared McCann 0 1 1 1 0 1 0 1 1 0 10/25 21:32 1:23 2:45
Jonathan Racine 0 0 0 -1 0 1 0 0 0 0 0/0 13:40 0:00 0:29
Joseph Blandisi 0 0 0 0 0 3 1 0 0 1 1/2 20:00 1:23 0:23
Keaton Middleton 0 0 0 0 0 3 1 2 0 0 0/0 21:47 0:56 2:19
Matteson Iacopelli 1 0 1 0 0 2 1 2 0 1 1/1 10:04 0:00 0:00
Mattias Samuelsson 0 0 0 -1 0 0 0 0 0 0 0/0 12:48 0:00 0:10
Michael Carcone 0 0 0 0 4 0 1 1 0 0 1/1 16:07 1:29 0:00
Nick Cousins 0 1 1 0 0 4 0 0 0 1 2/3 21:47 1:30 2:45
Pius Suter 0 0 0 -1 0 1 0 0 0 0 3/4 8:39 0:00 0:12
Ryan Murphy 0 0 0 0 2 2 2 1 1 1 0/0 23:28 0:56 1:31
Sam Steel 0 0 0 0 0 2 3 0 0 0 4/8 16:07 0:00 0:45
Tyler Motte 0 0 0 0 0 1 2 1 0 0 1/1 10:42 0:00 0:38
Zach Aston-Reese 0 1 1 -1 0 1 0 2 2 0 6/13 13:26 1:30 0:54
Players Stats for Senators
Player Name G A P +/- PIM S H SB GA TA FO MP PP MP PK MP
------------------------------------------------------------------------------------
Anton Karlsson 0 0 0 0 0 3 0 0 0 0 1/1 8:26 0:03 0:36
Brendan Perlini 1 0 1 0 0 7 1 0 0 1 1/2 16:51 2:03 0:31
C.J Suess 0 0 0 0 0 3 4 1 2 1 0/0 13:55 1:07 0:36
Carl Grundstrom 0 0 0 1 0 2 0 0 0 0 0/0 16:08 2:03 0:00
Christoph Bertschy 0 2 2 1 0 4 1 0 1 0 15/27 21:30 1:39 1:46
Grant Besse 0 0 0 0 0 1 1 1 1 0 1/2 19:02 1:36 0:00
Gustav Forsling 0 0 0 0 0 0 0 0 0 0 0/0 0:59 0:00 0:41
Jacob De La Rose 1 1 2 0 0 2 2 1 0 1 7/18 16:51 2:03 0:31
Jonas Siegenthaler 0 0 0 0 2 4 0 1 0 0 0/0 14:43 0:32 1:08
Joonas Lyytinen 1 0 1 0 2 1 2 0 0 1 0/0 23:24 2:51 0:51
Jordan Schmaltz 0 2 2 0 0 2 4 0 0 0 0/0 27:35 2:51 2:09
Keegan Lowe 0 0 0 1 0 3 3 0 0 0 0/0 21:38 2:01 0:03
Kevin Rooney 0 1 1 0 0 3 1 0 0 0 4/7 13:16 1:10 0:00
Mason Appleton 0 0 0 0 0 0 1 0 1 0 0/0 12:33 0:41 0:00
Mason Geertsen 0 0 0 0 0 0 2 0 0 0 0/0 12:46 0:00 0:00
Michael McCarron 0 0 0 0 0 0 1 0 1 1 1/1 7:41 0:00 0:00
Nikita Nesterov 0 0 0 1 0 1 0 1 0 0 0/0 19:31 2:01 0:54
Tomas Hyka 0 0 0 0 0 1 0 0 1 0 0/0 7:41 0:00 0:00
Zachary Sanford 1 0 1 1 0 7 1 0 1 1 1/2 21:30 1:39 1:46
3 Stars
1 - Jacob De La Rose (Bel)
2 - Jordan Schmaltz (Bel)
3 - Zachary Sanford (Bel)
Power Play
Eagles - 0 on 2 Attempt(s) - 0.00%
Senators - 1 on 3 Attempt(s) - 33.33%
Penalty Kill
Eagles - 2 on 3 Attempt(s) - 66.67%
- Score 0 goal in Penalty Kill
Senators - 2 on 2 Attempt(s) - 100.00%
- Score 0 goal in Penalty Kill
Team Stat
Eagles - Hits : 15 - Faceoff Wins : 29 - Blocked Shots : 16 - Penalty Minutes : 6
Senators - Hits : 24 - Faceoff Wins : 31 - Blocked Shots : 5 - Penalty Minutes : 4
Official
Referees : Tim Peel and Ghislain Hebert
Linesman : Andrew Smith and David Brisebois
Game Notes
Zachary Sanford has scored in a empty net!
Finance
Level 1 -- Attendance: 1706 (85.30%) -- Ticket Income $119,420
Level 2 -- Attendance: 852 (85.20%) -- Ticket Income $34,080
Total Attendance: 2558 (85.27%)
Total Ticket Income: $153,500
Other Income: $7,675
Total Income: $161,175
Eagles
5 vs 5 Forward
Center Left Wing Right Wing Time % Phy DF OF
1 Jared McCann Michael Carcone Nick Cousins 36 1 1 3
2 Sam Steel Joseph Blandisi Gabriel Vilardi 33 1 1 3
3 Zach Aston-Reese Tyler Motte Matteson Iacopelli 21 1 2 2
4 Pius Suter Daniel Carr Chris Calhan 10 1 2 2
5 vs 5 Defense
Defense Defense Time % Phy DF OF
1 Ryan Murphy Jack Dougherty 41 1 2 2
2 Connor Carrick Keaton Middleton 39 1 2 2
3 Mattias Samuelsson Jonathan Racine 20 1 2 2
4 Connor Carrick Ryan Murphy 0 1 2 2
PowerPlay Forward
Center Left Wing Right Wing Time % Phy DF OF
1 Zach Aston-Reese Michael Carcone Nick Cousins 50 1 1 3
2 Jared McCann Joseph Blandisi Gabriel Vilardi 50 1 1 3
PowerPlay Defense
Defense Defense Time % Phy DF OF
1 Connor Carrick Jack Dougherty 55 1 1 3
2 Keaton Middleton Ryan Murphy 45 1 1 3
Penalty Kill 4 Players Forward
Center Wing Time % Phy DF OF
1 Jared McCann Nick Cousins 60 1 3 1
2 Sam Steel Tyler Motte 40 1 3 1
Penalty Kill 4 Players Defense
Defense Defense Time % Phy DF OF
1 Ryan Murphy Connor Carrick 55 1 3 1
2 Jack Dougherty Keaton Middleton 45 1 3 1
Penalty Kill - 3 Players Forward
Forward Time % Phy DF OF
1 Jared McCann 60 1 4 0
2 Tyler Motte 40 1 4 0
Penalty Kill - 3 Players Defense
Defense Defense Time % Phy DF OF
1 Ryan Murphy Jack Dougherty 60 1 4 0
2 Connor Carrick Keaton Middleton 40 1 4 0
4 vs 4 Forward
Center Wing Time % Phy DF OF
1 Zach Aston-Reese Joseph Blandisi 55 1 2 2
2 Sam Steel Nick Cousins 45 1 2 2
4 vs 4 Defense
Defense Defense Time % Phy DF OF
1 Ryan Murphy Jack Dougherty 50 1 2 2
2 Connor Carrick Keaton Middleton 50 1 2 2
Last Minutes Offensive
Center Left Wing Right Wing Defense Defense
Zach Aston-Reese Michael Carcone Nick Cousins Ryan Murphy Connor Carrick
Last Minutes Defensive
Center Left Wing Right Wing Defense Defense
Jared McCann Tyler Motte Nick Cousins Ryan Murphy Connor Carrick
Goaltenders
Starting : Adin Hill
Backup : Daniel Altshuller
Extra Forwards
Normal : Joseph Blandisi, Nick Cousins, Pius Suter - PP : Gabriel Vilardi, Matteson Iacopelli - PK : Gabriel Vilardi
Extra Defensemen
Normal : Keaton Middleton, Connor Carrick, Ryan Murphy - PP : Keaton Middleton - PK : Keaton Middleton, Connor Carrick
Penalty Shots
Nick Cousins, Gabriel Vilardi, Jared McCann, Zach Aston-Reese, Daniel Carr
Custom OT Lines Forwards
Nick Cousins, Joseph Blandisi, Pius Suter, Jared McCann, Zach Aston-Reese, Tyler Motte, Michael Carcone, Sam Steel, Matteson Iacopelli, Gabriel Vilardi
Custom OT Lines Defensemen
Ryan Murphy, Jack Dougherty, Connor Carrick, Keaton Middleton, Mattias Samuelsson
Scratches
Dominik Kubalik (Healthy), Kevin Bahl (Healthy), Mark Friedman (Healthy), Tyler Tucker (Healthy), Michael Dal Colle (Healthy)
Xavier Ouellet (Healthy), Alexander Nylander (Healthy), Max Lajoie (Healthy), Pascal Laberge (Healthy), Marian Studenic (Healthy)
Walker Duehr (Healthy), Zachary Emond (Healthy)
Senators
5 vs 5 Forward
Center Left Wing Right Wing Time % Phy DF OF
1 Christoph Bertschy Zachary Sanford Grant Besse 40 0 2 3
2 Jacob De La Rose Brendan Perlini Carl Grundstrom 30 1 2 2
3 Kevin Rooney C.J Suess Mason Appleton 20 1 2 2
4 Michael McCarron Anton Karlsson Tomas Hyka 10 1 2 2
5 vs 5 Defense
Defense Defense Time % Phy DF OF
1 Jordan Schmaltz Joonas Lyytinen 40 1 2 2
2 Keegan Lowe Nikita Nesterov 30 1 2 2
3 Jonas Siegenthaler Mason Geertsen 20 1 2 2
4 Jordan Schmaltz Keegan Lowe 10 1 2 2
PowerPlay Forward
Center Left Wing Right Wing Time % Phy DF OF
1 Christoph Bertschy Zachary Sanford Grant Besse 60 1 1 3
2 Jacob De La Rose Brendan Perlini Carl Grundstrom 40 1 1 3
PowerPlay Defense
Defense Defense Time % Phy DF OF
1 Jordan Schmaltz Joonas Lyytinen 60 1 1 3
2 Keegan Lowe Nikita Nesterov 40 1 1 3
Penalty Kill 4 Players Forward
Center Wing Time % Phy DF OF
1 Christoph Bertschy Zachary Sanford 60 1 3 1
2 Jacob De La Rose Brendan Perlini 40 1 3 1
Penalty Kill 4 Players Defense
Defense Defense Time % Phy DF OF
1 Jordan Schmaltz Joonas Lyytinen 60 1 3 1
2 Keegan Lowe Nikita Nesterov 40 1 3 1
Penalty Kill - 3 Players Forward
Forward Time % Phy DF OF
1 Christoph Bertschy 60 1 3 1
2 Jacob De La Rose 40 1 3 1
Penalty Kill - 3 Players Defense
Defense Defense Time % Phy DF OF
1 Jordan Schmaltz Joonas Lyytinen 60 1 3 1
2 Keegan Lowe Nikita Nesterov 40 1 3 1
4 vs 4 Forward
Center Wing Time % Phy DF OF
1 Christoph Bertschy Zachary Sanford 60 1 2 2
2 Jacob De La Rose Brendan Perlini 40 1 2 2
4 vs 4 Defense
Defense Defense Time % Phy DF OF
1 Jordan Schmaltz Joonas Lyytinen 60 1 2 2
2 Keegan Lowe Nikita Nesterov 40 1 2 2
Last Minutes Offensive
Center Left Wing Right Wing Defense Defense
Christoph Bertschy Zachary Sanford Carl Grundstrom Jordan Schmaltz Keegan Lowe
Last Minutes Defensive
Center Left Wing Right Wing Defense Defense
Christoph Bertschy Zachary Sanford Carl Grundstrom Jordan Schmaltz Keegan Lowe
Goaltenders
Starting : David Rittich
Backup : Arvid Soderblom
Extra Forwards
Normal : C.J Suess, Kevin Rooney, Carl Grundstrom - PP : C.J Suess, Kevin Rooney - PK : C.J Suess
Extra Defensemen
Normal : Nikita Nesterov, Jonas Siegenthaler, Mason Geertsen - PP : Nikita Nesterov - PK : Nikita Nesterov, Jonas Siegenthaler
Penalty Shots
Zachary Sanford, Christoph Bertschy, Jacob De La Rose, Brendan Perlini, C.J Suess
Custom OT Lines Forwards
Zachary Sanford, Christoph Bertschy, Jacob De La Rose, Brendan Perlini, C.J Suess, Kevin Rooney, Carl Grundstrom, Grant Besse, Michael McCarron, Mason Appleton
Custom OT Lines Defensemen
Jordan Schmaltz, Keegan Lowe, Joonas Lyytinen, Nikita Nesterov, Jonas Siegenthaler
Scratches
David Kase (Healthy), Akil Thomas (Healthy), Ivan Morozov (Healthy), Martin Fehervary (Healthy), Alec Regula (Healthy)
Vitaly Abramov (Healthy), Cliff Pu (Healthy), Bryce Kindopp (Healthy), Olivier Rodrigue (Healthy), Olle Eriksson Ek (Healthy)
% Time on Ice - Eagles
Lines # - Real PCT - Wanted PCT - Time Play
Normal Forward
1 - 34% - 36% - 17:13
2 - 30% - 33% - 15:16
3 - 20% - 21% - 10:04
4 - 17% - 10% - 8:26
Normal Defense
1 - 39% - 41% - 19:49
2 - 36% - 39% - 18:32
3 - 25% - 20% - 12:38
4 - 0% - 0% - 0:00
PP Forward
1 - 52% - 50% - 1:30
2 - 48% - 50% - 1:23
PP Defense
1 - 68% - 55% - 1:57
2 - 32% - 45% - 0:56
PK Forward
1 - 87% - 60% - 4:14
2 - 13% - 40% - 0:38
PK Defense
1 - 75% - 55% - 3:40
2 - 25% - 45% - 1:12
PK3 Forward
1 - 0% - 60%
2 - 0% - 40%
PK3 Defense
1 - 0% - 60%
2 - 0% - 40%
44 Forward
1 - 86% - 55% - 0:56
2 - 14% - 45% - 0:09
44 Defense
1 - 100% - 50% - 1:05
2 - 0% - 50% - 0:00
Last Minute Offensive - 0:11
Last Minute Defensive - 0:00
Total
Forward - 60:00
Defense - 60:00
|
% Time on Ice - Senators
Lines # - Real PCT - Wanted PCT - Time Play
Normal Forward
1 - 34% - 40% - 17:32
2 - 27% - 30% - 13:57
3 - 23% - 20% - 11:52
4 - 15% - 10% - 7:41
Normal Defense
1 - 38% - 40% - 19:30
2 - 31% - 30% - 15:48
3 - 25% - 20% - 12:46
4 - 6% - 10% - 2:58
PP Forward
1 - 49% - 60% - 2:24
2 - 51% - 40% - 2:28
PP Defense
1 - 59% - 60% - 2:51
2 - 41% - 40% - 2:01
PK Forward
1 - 82% - 60% - 2:22
2 - 18% - 40% - 0:31
PK Defense
1 - 98% - 60% - 2:50
2 - 2% - 40% - 0:03
PK3 Forward
1 - 0% - 60%
2 - 0% - 40%
PK3 Defense
1 - 0% - 60%
2 - 0% - 40%
44 Forward
1 - 69% - 60% - 0:45
2 - 31% - 40% - 0:20
44 Defense
1 - 26% - 60% - 0:17
2 - 74% - 40% - 0:48
Last Minute Offensive - 0:00
Last Minute Defensive - 0:08
Total
Forward - 60:00
Defense - 60:00
|
Play-by-Play
1st period
0:01 of 1st period - Christoph Bertschy wins face-off versus Jared McCann in neutral zone.
0:15 of 1st period - Snap shot by Zachary Sanford.
0:15 of 1st period - Stopped by Adin Hill with a rebound.
0:31 of 1st period - Snap shot by Sam Steel.
0:31 of 1st period - Deflect By Jordan Schmaltz.
0:31 of 1st period - Stopped by David Rittich without a rebound.
0:32 of 1st period - Jacob De La Rose wins face-off versus Gabriel Vilardi in Senators zone.
1:03 of 1st period - Wrist shot by Brendan Perlini.
1:03 of 1st period - Stopped by Adin Hill with a rebound.
1:05 of 1st period - Slapshot by Jonas Siegenthaler.
1:05 of 1st period - Stopped by Adin Hill with a rebound.
1:07 of 1st period - Snap shot by Jacob De La Rose.
1:07 of 1st period - Shot Blocked by Connor Carrick.
1:11 of 1st period - Wrist shot by Brendan Perlini.
1:11 of 1st period - Stopped by Adin Hill without a rebound.
1:12 of 1st period - Kevin Rooney wins face-off versus Zach Aston-Reese in Eagles zone.
1:39 of 1st period - Nick Cousins is hit by Zachary Sanford.
1:45 of 1st period - Jordan Schmaltz is hit by Ryan Murphy and loses puck.
2:04 of 1st period - Wrist shot by Daniel Carr.
2:04 of 1st period - Stopped by David Rittich with a rebound.
2:52 of 1st period - Mattias Samuelsson is hit by Joonas Lyytinen and loses puck.
3:09 of 1st period - Wrist shot by Michael Carcone.
3:09 of 1st period - Shot Blocked by C.J Suess.
3:27 of 1st period - Daniel Carr is hit by Keegan Lowe and loses puck.
3:36 of 1st period - Snap shot by Chris Calhan.
3:36 of 1st period - Shot Misses the Net.
3:38 of 1st period - Slapshot by Ryan Murphy.
3:38 of 1st period - Stopped by David Rittich with a rebound.
3:40 of 1st period - Snap shot by Daniel Carr.
3:40 of 1st period - Stopped by David Rittich with a rebound.
4:01 of 1st period - Icing by Keegan Lowe.
4:02 of 1st period - Jared McCann wins face-off versus Jacob De La Rose in Senators zone.
4:05 of 1st period - Wrist shot by Jared McCann.
4:05 of 1st period - Shot Misses the Net.
4:13 of 1st period - Snap shot by Jacob De La Rose.
4:13 of 1st period - Shot Blocked by Keaton Middleton.
4:15 of 1st period - Slapshot by Keegan Lowe.
4:15 of 1st period - Stopped by Adin Hill with a rebound.
4:17 of 1st period - Snap shot by Brendan Perlini.
4:17 of 1st period - Stopped by Adin Hill with a rebound.
4:57 of 1st period - Snap shot by Brendan Perlini.
4:57 of 1st period - Shot Blocked by Michael Carcone.
4:59 of 1st period - Slapshot by Nikita Nesterov.
4:59 of 1st period - Stopped by Adin Hill without a rebound.
5:00 of 1st period - Tyler Motte wins face-off versus Grant Besse in Eagles zone.
5:36 of 1st period - Snap shot by Kevin Rooney.
5:36 of 1st period - Stopped by Adin Hill with a rebound.
6:06 of 1st period - Pius Suter is hit by Mason Geertsen and loses puck.
6:19 of 1st period - Jordan Schmaltz is hit by Chris Calhan and loses puck.
7:12 of 1st period - Snap shot by Zach Aston-Reese.
7:12 of 1st period - Shot Misses the Net.
7:25 of 1st period - Icing by Zach Aston-Reese.
7:26 of 1st period - Matteson Iacopelli wins face-off versus Jacob De La Rose in Eagles zone.
7:28 of 1st period - Icing by Zach Aston-Reese.
7:29 of 1st period - Jacob De La Rose wins face-off versus Jared McCann in Eagles zone.
7:34 of 1st period - Snap shot by Brendan Perlini.
7:34 of 1st period - Shot Misses the Net.
8:05 of 1st period - Wrist shot by Christoph Bertschy.
8:05 of 1st period - Shot Misses the Net.
8:44 of 1st period - Off-side.
8:45 of 1st period - Christoph Bertschy wins face-off versus Gabriel Vilardi in neutral zone.
8:50 of 1st period - Snap shot by Christoph Bertschy.
8:50 of 1st period - Stopped by Adin Hill with a rebound.
9:00 of 1st period - Snap shot by Joseph Blandisi.
9:00 of 1st period - Deflect By Gabriel Vilardi.
9:00 of 1st period - Shot Blocked by Nikita Nesterov.
9:00 of 1st period - Puck is out of play.
9:01 of 1st period - Jared McCann wins face-off versus Kevin Rooney in Senators zone.
9:18 of 1st period - Jack Dougherty is hit by Jordan Schmaltz and loses puck.
9:35 of 1st period - Wrist shot by Sam Steel.
9:35 of 1st period - Stopped by David Rittich with a rebound.
9:37 of 1st period - Wrist shot by Ryan Murphy.
9:37 of 1st period - Shot Misses the Net.
9:49 of 1st period - Mattias Samuelsson is hit by Jacob De La Rose and loses puck.
10:34 of 1st period - Nick Cousins is hit by C.J Suess and loses puck.
10:52 of 1st period - Off-side.
10:53 of 1st period - Christoph Bertschy wins face-off versus Sam Steel in neutral zone.
10:58 of 1st period - Snap shot by Christoph Bertschy.
10:58 of 1st period - Stopped by Adin Hill with a rebound.
11:04 of 1st period - Jonas Siegenthaler is hit by Sam Steel and loses puck.
11:12 of 1st period - Icing by Mason Geertsen.
11:13 of 1st period - Jared McCann wins face-off versus Christoph Bertschy in Senators zone.
11:37 of 1st period - Snap shot by Christoph Bertschy.
11:37 of 1st period - Stopped by Adin Hill with a rebound.
11:39 of 1st period - Snap shot by Christoph Bertschy.
11:39 of 1st period - Deflect By Zachary Sanford.
11:39 of 1st period - Shot Blocked by Jack Dougherty.
11:39 of 1st period - Puck is out of play.
11:40 of 1st period - Jacob De La Rose wins face-off versus Sam Steel in Eagles zone.
11:41 of 1st period - Snap shot by Brendan Perlini.
11:41 of 1st period - Stopped by Adin Hill without a rebound.
11:42 of 1st period - Nick Cousins wins face-off versus Jacob De La Rose in Eagles zone.
11:42 of 1st period - Nick Cousins is hit by Keegan Lowe.
11:45 of 1st period - Icing by Michael Carcone.
11:46 of 1st period - Jacob De La Rose wins face-off versus Jared McCann in Eagles zone.
11:51 of 1st period - Wrist shot by Brendan Perlini.
11:51 of 1st period - Stopped by Adin Hill without a rebound.
11:52 of 1st period - Michael Carcone wins face-off versus Christoph Bertschy in Eagles zone.
11:59 of 1st period - Snap shot by Nick Cousins.
11:59 of 1st period - Stopped by David Rittich with a rebound.
12:19 of 1st period - Joonas Lyytinen is hit by Sam Steel and loses puck.
12:28 of 1st period - Sam Steel is hit by Jordan Schmaltz and loses puck.
12:41 of 1st period - Nikita Nesterov is hit by Tyler Motte and loses puck.
12:50 of 1st period - Wrist shot by Zach Aston-Reese.
12:50 of 1st period - Shot Misses the Net.
12:52 of 1st period - Slapshot by Jonathan Racine.
12:52 of 1st period - Stopped by David Rittich without a rebound.
12:53 of 1st period - Jared McCann wins face-off versus Christoph Bertschy in Senators zone.
12:58 of 1st period - Wrist shot by Nick Cousins.
12:58 of 1st period - Stopped by David Rittich without a rebound.
12:59 of 1st period - Christoph Bertschy wins face-off versus Nick Cousins in Senators zone.
13:56 of 1st period - Wrist shot by Kevin Rooney.
13:56 of 1st period - Shot Misses the Net.
13:58 of 1st period - Wrist shot by C.J Suess.
13:58 of 1st period - Stopped by Adin Hill with a rebound.
15:58 of 1st period - Snap shot by Pius Suter.
15:58 of 1st period - Stopped by David Rittich with a rebound.
16:09 of 1st period - Off-side.
16:10 of 1st period - Sam Steel wins face-off versus Brendan Perlini in neutral zone.
16:57 of 1st period - Snap shot by Zachary Sanford.
16:57 of 1st period - Stopped by Adin Hill with a rebound.
17:17 of 1st period - Slapshot by Zach Aston-Reese.
17:17 of 1st period - Stopped by David Rittich without a rebound.
17:18 of 1st period - Michael McCarron wins face-off versus Pius Suter in Senators zone.
17:18 of 1st period - Michael McCarron is hit by Ryan Murphy.
17:28 of 1st period - Wrist shot by Daniel Carr.
17:28 of 1st period - Stopped by David Rittich with a rebound.
18:47 of 1st period - Slapshot by C.J Suess.
18:47 of 1st period - Deflect By Daniel Carr.
18:47 of 1st period - Stopped by Adin Hill with a rebound.
19:20 of 1st period - Snap shot by Christoph Bertschy.
19:20 of 1st period - Deflect By Connor Carrick.
19:20 of 1st period - Shot Blocked by Connor Carrick.
19:20 of 1st period - Puck is out of play.
19:21 of 1st period - Jacob De La Rose wins face-off versus Sam Steel in Eagles zone.
19:34 of 1st period - Snap shot by Ryan Murphy.
19:34 of 1st period - Stopped by David Rittich with a rebound.
Goals for this period are 0 for Eagles vs 0 for Senators.
Shots for this period are 12 for Eagles vs 16 for Senators.
2nd period
0:01 of 2nd period - Christoph Bertschy wins face-off versus Sam Steel in neutral zone.
1:33 of 2nd period - Slapshot by Grant Besse.
1:33 of 2nd period - Shot Blocked by Ryan Murphy.
1:35 of 2nd period - Slapshot by Jonas Siegenthaler.
1:35 of 2nd period - Stopped by Adin Hill with a rebound.
1:41 of 2nd period - Wrist shot by Zachary Sanford.
1:41 of 2nd period - Shot Misses the Net.
1:57 of 2nd period - Snap shot by Jared McCann.
1:57 of 2nd period - Shot Misses the Net.
1:59 of 2nd period - Slapshot by Jack Dougherty.
1:59 of 2nd period - Goal by Jack Dougherty - Eagles : 1 - Senators : 0.
2:00 of 2nd period - Christoph Bertschy wins face-off versus Jared McCann in neutral zone.
2:17 of 2nd period - Ryan Murphy is hit by Grant Besse.
3:23 of 2nd period - Snap shot by Tyler Motte.
3:23 of 2nd period - Stopped by David Rittich without a rebound.
3:24 of 2nd period - Jared McCann wins face-off versus Christoph Bertschy in Senators zone.
3:28 of 2nd period - Minor Penalty to Joonas Lyytinen for High sticking.
3:29 of 2nd period - Zach Aston-Reese wins face-off versus Christoph Bertschy in Senators zone.
4:31 of 2nd period - Wrist shot by Jacob De La Rose.
4:31 of 2nd period - Shot Blocked by Keaton Middleton.
4:57 of 2nd period - Jonas Siegenthaler is hit by Michael Carcone and loses puck.
5:26 of 2nd period - Jonas Siegenthaler is hit by Joseph Blandisi and loses puck.
5:28 of 2nd period - Penalty to Joonas Lyytinen is over, Joonas Lyytinen is back on ice.
5:45 of 2nd period - Snap shot by Carl Grundstrom.
5:45 of 2nd period - Stopped by Adin Hill without a rebound.
5:46 of 2nd period - Pius Suter wins face-off versus Jacob De La Rose in Eagles zone.
5:51 of 2nd period - Jonathan Racine is hit by Joonas Lyytinen and loses puck.
5:56 of 2nd period - Snap shot by Brendan Perlini.
5:56 of 2nd period - Goal by Brendan Perlini - Eagles : 1 - Senators : 1.
5:57 of 2nd period - Christoph Bertschy wins face-off versus Jared McCann in neutral zone.
6:49 of 2nd period - Wrist shot by Matteson Iacopelli.
6:49 of 2nd period - Stopped by David Rittich without a rebound.
6:50 of 2nd period - Zach Aston-Reese wins face-off versus Jacob De La Rose in Senators zone.
6:51 of 2nd period - Wrist shot by Matteson Iacopelli.
6:51 of 2nd period - Goal by Matteson Iacopelli - Eagles : 2 - Senators : 1.
6:52 of 2nd period - Jared McCann wins face-off versus Christoph Bertschy in neutral zone.
7:17 of 2nd period - Ryan Murphy is hit by C.J Suess and loses puck.
8:00 of 2nd period - Wrist shot by Anton Karlsson.
8:00 of 2nd period - Stopped by Adin Hill with a rebound.
8:08 of 2nd period - Wrist shot by Pius Suter.
8:08 of 2nd period - Shot Misses the Net.
9:10 of 2nd period - Wrist shot by Jacob De La Rose.
9:10 of 2nd period - Stopped by Adin Hill with a rebound.
9:12 of 2nd period - Slapshot by Keegan Lowe.
9:12 of 2nd period - Stopped by Adin Hill without a rebound.
9:13 of 2nd period - Christoph Bertschy wins face-off versus Jared McCann in Eagles zone.
9:54 of 2nd period - Icing by Gabriel Vilardi.
9:55 of 2nd period - Sam Steel wins face-off versus Christoph Bertschy in Eagles zone.
10:16 of 2nd period - Wrist shot by Gabriel Vilardi.
10:16 of 2nd period - Deflect By Joseph Blandisi.
10:16 of 2nd period - Stopped by David Rittich with a rebound.
10:18 of 2nd period - Slapshot by Keaton Middleton.
10:18 of 2nd period - Stopped by David Rittich with a rebound.
10:20 of 2nd period - Snap shot by Keaton Middleton.
10:20 of 2nd period - Stopped by David Rittich without a rebound.
10:21 of 2nd period - Brendan Perlini wins face-off versus Jared McCann in Senators zone.
10:28 of 2nd period - Wrist shot by Nick Cousins.
10:28 of 2nd period - Stopped by David Rittich with a rebound.
10:30 of 2nd period - Snap shot by Jared McCann.
10:30 of 2nd period - Shot Misses the Net.
10:38 of 2nd period - Jared McCann is hit by Jacob De La Rose and loses puck.
10:51 of 2nd period - Brendan Perlini is hit by Chris Calhan and loses puck.
11:00 of 2nd period - Snap shot by Chris Calhan.
11:00 of 2nd period - Deflect By Brendan Perlini.
11:00 of 2nd period - Shot Blocked by Jonas Siegenthaler.
11:00 of 2nd period - Puck is out of play.
11:01 of 2nd period - Joseph Blandisi wins face-off versus Christoph Bertschy in Senators zone.
11:06 of 2nd period - Wrist shot by Gabriel Vilardi.
11:06 of 2nd period - Shot Misses the Net.
11:22 of 2nd period - Connor Carrick is hit by Jordan Schmaltz and loses puck.
11:52 of 2nd period - Wrist shot by Joseph Blandisi.
11:52 of 2nd period - Shot Blocked by Grant Besse.
11:54 of 2nd period - Wrist shot by Gabriel Vilardi.
11:54 of 2nd period - Shot Misses the Net.
11:56 of 2nd period - Slapshot by Sam Steel.
11:56 of 2nd period - Shot Misses the Net.
12:04 of 2nd period - Snap shot by Gabriel Vilardi.
12:04 of 2nd period - Shot Misses the Net.
13:00 of 2nd period - Slapshot by Zachary Sanford.
13:00 of 2nd period - Stopped by Adin Hill without a rebound.
13:01 of 2nd period - Kevin Rooney wins face-off versus Jared McCann in Eagles zone.
13:02 of 2nd period - Snap shot by C.J Suess.
13:02 of 2nd period - Stopped by Adin Hill with a rebound.
13:17 of 2nd period - Wrist shot by Kevin Rooney.
13:17 of 2nd period - Stopped by Adin Hill with a rebound.
13:27 of 2nd period - Michael Carcone is hit by Michael McCarron and loses puck.
13:34 of 2nd period - Wrist shot by Tomas Hyka.
13:34 of 2nd period - Shot Misses the Net.
13:36 of 2nd period - Minor Penalty to Michael Carcone for Hooking.
13:37 of 2nd period - Jared McCann wins face-off versus Jacob De La Rose in Eagles zone.
14:28 of 2nd period - Mason Appleton is hit by Keaton Middleton and loses puck.
15:36 of 2nd period - Penalty to Michael Carcone is over, Michael Carcone is back on ice.
16:12 of 2nd period - Wrist shot by Daniel Carr.
16:12 of 2nd period - Shot Misses the Net.
17:00 of 2nd period - Icing by Connor Carrick.
17:01 of 2nd period - Sam Steel wins face-off versus Jacob De La Rose in Eagles zone.
17:26 of 2nd period - Wrist shot by Gabriel Vilardi.
17:26 of 2nd period - Stopped by David Rittich with a rebound.
17:50 of 2nd period - Wrist shot by Joseph Blandisi.
17:50 of 2nd period - Stopped by David Rittich without a rebound.
17:51 of 2nd period - Nick Cousins wins face-off versus Jacob De La Rose in Senators zone.
17:56 of 2nd period - Wrist shot by Jared McCann.
17:56 of 2nd period - Stopped by David Rittich without a rebound.
17:57 of 2nd period - Jared McCann wins face-off versus Jacob De La Rose in Senators zone.
18:04 of 2nd period - Snap shot by Nick Cousins.
18:04 of 2nd period - Shot Blocked by Jacob De La Rose.
18:06 of 2nd period - Wrist shot by Nick Cousins.
18:06 of 2nd period - Shot Misses the Net.
18:29 of 2nd period - Snap shot by Nick Cousins.
18:29 of 2nd period - Stopped by David Rittich without a rebound.
18:30 of 2nd period - Christoph Bertschy wins face-off versus Zach Aston-Reese in Senators zone.
18:39 of 2nd period - Christoph Bertschy is hit by Matteson Iacopelli and loses puck.
19:18 of 2nd period - Snap shot by Anton Karlsson.
19:18 of 2nd period - Shot Misses the Net.
19:31 of 2nd period - Icing by Mattias Samuelsson.
19:32 of 2nd period - Christoph Bertschy wins face-off versus Jared McCann in Eagles zone.
19:58 of 2nd period - Jonathan Racine is hit by C.J Suess and loses puck.
Goals for this period are 2 for Eagles vs 1 for Senators.
Shots for this period are 12 for Eagles vs 9 for Senators.
3rd period
0:01 of 3rd period - Jared McCann wins face-off versus Christoph Bertschy in neutral zone.
0:14 of 3rd period - Slapshot by Jared McCann.
0:14 of 3rd period - Shot Misses the Net.
0:16 of 3rd period - Snap shot by Nick Cousins.
0:16 of 3rd period - Shot Misses the Net.
0:35 of 3rd period - Christoph Bertschy is hit by Sam Steel and loses puck.
1:30 of 3rd period - Slapshot by Keegan Lowe.
1:30 of 3rd period - Stopped by Adin Hill with a rebound.
2:31 of 3rd period - Snap shot by Anton Karlsson.
2:31 of 3rd period - Shot Misses the Net.
2:45 of 3rd period - Slapshot by Joseph Blandisi.
2:45 of 3rd period - Stopped by David Rittich without a rebound.
2:46 of 3rd period - Christoph Bertschy wins face-off versus Jared McCann in Senators zone.
3:28 of 3rd period - Slapshot by Christoph Bertschy.
3:28 of 3rd period - Shot Hit the Post.
3:30 of 3rd period - Snap shot by Zachary Sanford.
3:30 of 3rd period - Stopped by Adin Hill without a rebound.
3:31 of 3rd period - Jacob De La Rose wins face-off versus Zach Aston-Reese in Eagles zone.
3:31 of 3rd period - Jordan Schmaltz is hit by Tyler Motte and loses puck.
3:34 of 3rd period - Slapshot by Jordan Schmaltz.
3:34 of 3rd period - Shot Blocked by Zach Aston-Reese.
3:36 of 3rd period - Snap shot by Jacob De La Rose.
3:36 of 3rd period - Goal by Jacob De La Rose - Eagles : 2 - Senators : 2.
3:37 of 3rd period - Christoph Bertschy wins face-off versus Jared McCann in neutral zone.
3:42 of 3rd period - Michael Carcone is hit by Christoph Bertschy and loses puck.
4:09 of 3rd period - Connor Carrick is hit by Jordan Schmaltz and loses puck.
4:33 of 3rd period - Snap shot by Mason Appleton.
4:33 of 3rd period - Shot Misses the Net.
4:49 of 3rd period - Mattias Samuelsson is hit by Mason Geertsen and loses puck.
5:18 of 3rd period - Wrist shot by Zachary Sanford.
5:18 of 3rd period - Stopped by Adin Hill with a rebound.
5:34 of 3rd period - Wrist shot by Zachary Sanford.
5:34 of 3rd period - Shot Misses the Net.
6:10 of 3rd period - Wrist shot by Christoph Bertschy.
6:10 of 3rd period - Shot Misses the Net.
6:16 of 3rd period - Wrist shot by Zachary Sanford.
6:16 of 3rd period - Shot Misses the Net.
6:18 of 3rd period - Snap shot by Grant Besse.
6:18 of 3rd period - Deflect By Zachary Sanford.
6:18 of 3rd period - Stopped by Adin Hill without a rebound.
6:19 of 3rd period - Jacob De La Rose wins face-off versus Jared McCann in Eagles zone.
6:33 of 3rd period - Off-side.
6:34 of 3rd period - Kevin Rooney wins face-off versus Zach Aston-Reese in neutral zone.
6:43 of 3rd period - Snap shot by C.J Suess.
6:43 of 3rd period - Shot Blocked by Connor Carrick.
6:59 of 3rd period - Keaton Middleton is hit by Brendan Perlini and loses puck.
7:08 of 3rd period - Snap shot by Brendan Perlini.
7:08 of 3rd period - Stopped by Adin Hill with a rebound.
7:46 of 3rd period - Jonathan Racine is hit by Keegan Lowe and loses puck.
8:23 of 3rd period - Minor Penalty to Ryan Murphy for Hooking.
8:24 of 3rd period - Christoph Bertschy wins face-off versus Jared McCann in Eagles zone.
9:35 of 3rd period - Snap shot by Carl Grundstrom.
9:35 of 3rd period - Stopped by Adin Hill without a rebound.
9:36 of 3rd period - Sam Steel wins face-off versus Christoph Bertschy in Eagles zone.
10:23 of 3rd period - Penalty to Ryan Murphy is over, Ryan Murphy is back on ice.
10:54 of 3rd period - Connor Carrick is hit by Kevin Rooney and loses puck.
10:58 of 3rd period - Icing by Jonathan Racine.
10:59 of 3rd period - Jared McCann wins face-off versus Kevin Rooney in Eagles zone.
11:16 of 3rd period - Keegan Lowe is hit by Jack Dougherty and loses puck.
11:33 of 3rd period - Snap shot by Kevin Rooney.
11:33 of 3rd period - Stopped by Adin Hill with a rebound.
12:05 of 3rd period - Nick Cousins is hit by C.J Suess and loses puck.
12:10 of 3rd period - Slapshot by C.J Suess.
12:10 of 3rd period - Shot Misses the Net.
12:53 of 3rd period - Wrist shot by Mason Appleton.
12:53 of 3rd period - Shot Misses the Net.
12:55 of 3rd period - Backhand shot by Nikita Nesterov.
12:55 of 3rd period - Shot Misses the Net.
12:57 of 3rd period - Snap shot by Keegan Lowe.
12:57 of 3rd period - Shot Blocked by Jared McCann.
12:59 of 3rd period - Slapshot by Keegan Lowe.
12:59 of 3rd period - Shot Misses the Net.
13:07 of 3rd period - Snap shot by C.J Suess.
13:07 of 3rd period - Deflect By Nick Cousins.
13:07 of 3rd period - Shot Misses the Net.
13:07 of 3rd period - Puck is out of play.
13:08 of 3rd period - Zach Aston-Reese wins face-off versus Zachary Sanford in Eagles zone.
13:41 of 3rd period - Backhand shot by Anton Karlsson.
13:41 of 3rd period - Shot Misses the Net.
13:43 of 3rd period - Wrist shot by Tomas Hyka.
13:43 of 3rd period - Shot Misses the Net.
13:45 of 3rd period - Snap shot by Anton Karlsson.
13:45 of 3rd period - Shot Blocked by Tyler Motte.
13:47 of 3rd period - Slapshot by Jonas Siegenthaler.
13:47 of 3rd period - Shot Blocked by Matteson Iacopelli.
13:49 of 3rd period - Wrist shot by Tomas Hyka.
13:49 of 3rd period - Stopped by Adin Hill without a rebound.
13:50 of 3rd period - Pius Suter wins face-off versus Jacob De La Rose in Eagles zone.
14:05 of 3rd period - Slapshot by Keaton Middleton.
14:05 of 3rd period - Stopped by David Rittich with a rebound.
14:36 of 3rd period - Snap shot by Anton Karlsson.
14:36 of 3rd period - Shot Misses the Net.
14:38 of 3rd period - Slapshot by Jordan Schmaltz.
14:38 of 3rd period - Stopped by Adin Hill without a rebound.
14:39 of 3rd period - Anton Karlsson wins face-off versus Zach Aston-Reese in Eagles zone.
14:48 of 3rd period - Snap shot by Anton Karlsson.
14:48 of 3rd period - Shot Blocked by Matteson Iacopelli.
14:50 of 3rd period - Wrist shot by Anton Karlsson.
14:50 of 3rd period - Stopped by Adin Hill with a rebound.
14:52 of 3rd period - Snap shot by Jonas Siegenthaler.
14:52 of 3rd period - Stopped by Adin Hill with a rebound.
14:54 of 3rd period - Wrist shot by Anton Karlsson.
14:54 of 3rd period - Stopped by Adin Hill with a rebound.
14:56 of 3rd period - Slapshot by Mason Geertsen.
14:56 of 3rd period - Shot Blocked by Connor Carrick.
14:58 of 3rd period - Slapshot by Anton Karlsson.
14:58 of 3rd period - Shot Blocked by Zach Aston-Reese.
15:00 of 3rd period - Wrist shot by Anton Karlsson.
15:00 of 3rd period - Shot Blocked by Connor Carrick.
15:02 of 3rd period - Slapshot by Jordan Schmaltz.
15:02 of 3rd period - Stopped by Adin Hill without a rebound.
15:03 of 3rd period - Zachary Sanford wins face-off versus Joseph Blandisi in Eagles zone.
15:04 of 3rd period - Snap shot by Christoph Bertschy.
15:04 of 3rd period - Stopped by Adin Hill with a rebound.
15:34 of 3rd period - Wrist shot by Daniel Carr.
15:34 of 3rd period - Stopped by David Rittich without a rebound.
15:35 of 3rd period - Pius Suter wins face-off versus Jacob De La Rose in Senators zone.
15:39 of 3rd period - Minor Penalty to Jonas Siegenthaler for Tripping.
15:40 of 3rd period - Zach Aston-Reese wins face-off versus Christoph Bertschy in Senators zone.
15:40 of 3rd period - Wrist shot by Nick Cousins.
15:40 of 3rd period - Shot Misses the Net.
15:42 of 3rd period - Slapshot by Nick Cousins.
15:42 of 3rd period - Shot Misses the Net.
15:44 of 3rd period - Snap shot by Connor Carrick.
15:44 of 3rd period - Stopped by David Rittich without a rebound.
15:45 of 3rd period - Christoph Bertschy wins face-off versus Zach Aston-Reese in Senators zone.
15:45 of 3rd period - Christoph Bertschy is hit by Connor Carrick.
16:33 of 3rd period - Minor Penalty to Michael Carcone for Holding.
16:34 of 3rd period - Zach Aston-Reese wins face-off versus Christoph Bertschy in Eagles zone.
17:39 of 3rd period - Penalty to Jonas Siegenthaler is over, Jonas Siegenthaler is back on ice.
18:10 of 3rd period - Slapshot by Jonas Siegenthaler.
18:10 of 3rd period - Stopped by Adin Hill without a rebound.
18:11 of 3rd period - Christoph Bertschy wins face-off versus Jared McCann in Eagles zone.
18:22 of 3rd period - Wrist shot by Grant Besse.
18:22 of 3rd period - Stopped by Adin Hill without a rebound.
18:23 of 3rd period - Grant Besse wins face-off versus Jared McCann in Eagles zone.
18:26 of 3rd period - Snap shot by Zachary Sanford.
18:26 of 3rd period - Shot Misses the Net.
18:28 of 3rd period - Slapshot by Jordan Schmaltz.
18:28 of 3rd period - Shot Misses the Net.
18:30 of 3rd period - Wrist shot by Christoph Bertschy.
18:30 of 3rd period - Shot Misses the Net.
18:32 of 3rd period - Slapshot by Joonas Lyytinen.
18:32 of 3rd period - Goal by Joonas Lyytinen - Eagles : 2 - Senators : 3.
18:33 of 3rd period - Kevin Rooney wins face-off versus Zach Aston-Reese in neutral zone.
18:36 of 3rd period - Jack Dougherty is hit by Mason Appleton and loses puck.
18:45 of 3rd period - Eagles, Adin Hill is pulled from the net.
19:05 of 3rd period - Snap shot by Zachary Sanford.
19:05 of 3rd period - Goal by Zachary Sanford - Eagles : 2 - Senators : 4.
19:05 of 3rd period - Adin Hill from Eagles was sent back in the game.
19:06 of 3rd period - Zach Aston-Reese wins face-off versus Kevin Rooney in neutral zone.
19:09 of 3rd period - Snap shot by Ryan Murphy.
19:09 of 3rd period - Shot Misses the Net.
19:15 of 3rd period - Wrist shot by Kevin Rooney.
19:15 of 3rd period - Shot Misses the Net.
Goals for this period are 0 for Eagles vs 3 for Senators.
Shots for this period are 4 for Eagles vs 19 for Senators.